 Dungeon Crawl Stone Soup version 0.27-a0-512-g57cc695410 (webtiles) character file.

Game seed: 7287938640088867795

1291 kae the Cleaver (level 8, 0/64 (74) HPs)
             Began as a Hill Orc Fighter on Mar 3, 2021.
             Was an Initiate of Wu Jian.
             Slain by a wight
             ... wielding a +4 short sword
              (2 damage)
             ... on level 5 of the Dungeon.
             The game lasted 00:03:41 (7600 turns).

kae the Cleaver (Hill Orc Fighter)                  Turns: 7600, Time: 00:03:41

HP:   0/64 (74)     AC:  4    Str: 21    XL:     8   Next: 55%
MP:   8/8           EV:  2    Int:  8    God:    Wu Jian [......]
Gold: 290           SH:  0    Dex: -20 (10)Spells: 7/7 levels left

rFire    . . .     SeeInvis .   a - +0 war axe
rCold    + . .     Faith    .   c - +0 kite shield
rNeg     . . .     Spirit   .   b - +0 scale mail
rPois    .         Reflect  .   (no helmet)
rElec    .         Harm     .   (no cloak)
rCorr    .         Rampage  .   (no gloves)
Will     .....                  (no boots)
Stlth    ..........             i - amulet of regeneration
HPRegen  1.20/turn              j - ring of protection from cold
MPRegen  0.11/turn              l - +4 ring of slaying

@: slowed, lost dexterity, heavily drained, very slow
A: deformed body, shaggy fur 1
a: Renounce Religion


You were on level 5 of the Dungeon.
You worshipped Wu Jian.
Wu Jian was noncommittal.
You visited 2 branches of the dungeon, and saw 7 of its levels.

You collected 290 gold pieces.

Inventory:

Hand Weapons
 a - a +0 war axe (weapon)
Armour
 b - a +0 scale mail (worn)
 c - a +0 kite shield (worn)
Jewellery
 e - a ring of ice
 i - an amulet of regeneration (around neck)
 j - a ring of protection from cold (left hand)
 l - a +4 ring of slaying (right hand)
 r - an amulet of the acrobat
Wands
 f - a wand of charming (11)
Scrolls
 g - 7 scrolls of identify
 o - 2 scrolls of amnesia
 q - a scroll of magic mapping {unknown}
 s - a scroll of teleportation
 t - a scroll of immolation {unknown}
 u - a scroll of noise {unknown}
 v - a scroll of enchant weapon {unknown}
Potions
 d - 3 potions of might
 h - 2 potions of haste
 k - 3 potions of curing
 m - a potion of brilliance
 n - a potion of attraction
 p - 2 potions of lignification {unknown}


   Skills:
 + Level 7.9 Fighting
 * Level 10.9 Axes
 - Level 3.2 Armour
 - Level 3.2 Shields


You had 7 spell levels left.
You didn't know any spells.
Your spell library was empty.

Dungeon Overview and Level Annotations

Branches:
Dungeon (6/15)             Temple (1/1) D:4

Altars:
Ashenzari
Cheibriados
Elyvilon
Fedhas
Hepliaklqana
Kikubaaqudgha
Makhleb
Nemelex Xobeh
Ru
Trog
Uskayaw
Vehumet
Wu Jian
Xom
Yredelemnul
Zin


Innate Abilities, Weirdness & Mutations

Armour fits poorly on your strangely shaped body.
You are covered in fur. (AC +1)


Message History

The gnoll hits you. The gnoll hits you but does no damage.
The wight hits you with a +4 short sword!
You feel drained. The gnoll hits you.
The wight hits you with a +4 short sword.
* * * LOW HITPOINT WARNING * * *
There is a stone staircase leading up here.
The gnoll hits you but does no damage. The gnoll hits you.
The wight barely misses you. The gnoll hits you with a +0 club.
* * * LOW HITPOINT WARNING * * *
The gnoll hits you but does no damage.
You climb upwards.
There is a stone staircase leading down here.
You hit the wight.
The wight is heavily damaged.
You closely miss the gnoll. You slash the gnoll!
The wight hits you with a +4 short sword.
The gnoll hits you but does no damage. The gnoll hits you!
* * * LOW HITPOINT WARNING * * *
The wight hits you with a +4 short sword.
* * * LOW HITPOINT WARNING * * *
You feel drained. The gnoll hits you but does no damage.
You hit the wight.
The wight is severely damaged.
You slash the gnoll!
You kill the gnoll!
The Council accepts your kill.
You hit the gnoll.
You kill the gnoll!
The Council accepts your kill. The wight hits you but does no damage.
The wight hits you with a +4 short sword.
* * * LOW HITPOINT WARNING * * *
You feel drained.
* * * LOW HITPOINT WARNING * * *
You closely miss the wight.
The wight is severely damaged.
The wight hits you with a +4 short sword!
* * * LOW HITPOINT WARNING * * *
You feel drained.
You die...

..........##.#############.#
####.####.....# #.#
...#.#######..############.#
........................##.#
.....########..########.##.#
##.### ##.## #.##.# ...#
#########..# #.##.#
...###......###)## #.##.#
...'........'..†@# #.##.#
...##.......##.#z# #.##.#
...##)._..####.#.# #.##.#
.....))...# #.#.# #.##.#
...#).....# #.#.# #.##.#
...######## #.#.# #.##.#
#### #.#.######.##.#
#.#........##.#
#.###########.###


You could see a wight.

Vanquished Creatures
  A black bear (D:5)
  A centaur (D:5)
  4 phantoms
  A bullfrog (D:5)
  A hound (D:5)
  A jelly (D:5)
  A quasit (D:5)
  2 orc priests (D:3)
  2 bullfrog skeletons
  4 orc wizards
  Natasha (twice) (D:4)
  4 iguanas
  2 worker ants
  4 gnolls
  10 adders
  A white imp (D:5)
  An ufetubus (D:5)
  An ooze (D:3)
  2 adder skeletons
  3 dart slugs (D:1)
  2 leopard geckos
  9 orcs
  A ball python (D:1)
  11 bats
  4 giant cockroaches
  5 goblins
  8 hobgoblins
  4 jackals (D:4)
  9 quokkas
  5 frilled lizards
  6 kobolds
  7 rats
119 creatures vanquished.

Vanquished Creatures (others)
  An orc wizard (D:3)
  24 plants (D:2)
25 creatures vanquished.

Grand Total: 144 creatures vanquished

Notes
Turn   | Place    | Note
-------+----------+-------------------------------------------
     0 | D:1      | kae the Hill Orc Fighter began the quest for the Orb.
     0 | D:1      | Reached XP level 1. HP: 19/19 MP: 1/1
   250 | D:1      | Reached skill level 3 in Axes
   307 | D:1      | Reached XP level 2. HP: 24/27 MP: 2/2
   801 | D:1      | Reached skill level 4 in Axes
   801 | D:1      | Reached XP level 3. HP: 29/33 MP: 3/3
  1775 | D:2      | Found a sparkling altar of Nemelex Xobeh.
  1810 | D:2      | Found a bloodstained altar of Trog.
  1818 | D:2      | Reached XP level 4. HP: 27/41 MP: 4/4
  1979 | D:2      | Reached skill level 5 in Axes
  2657 | D:2      | Reached XP level 5. HP: 42/47 MP: 5/5
  2904 | D:2      | Reached skill level 5 in Fighting
  2904 | D:2      | Reached skill level 6 in Axes
  2907 | D:2      | Gained mutation: Armour fits poorly on your strangely
                  | shaped body. [potion of mutation]
  2907 | D:2      | Gained mutation: You are covered in fur. (AC +1) [potion of
                  | mutation]
  3442 | D:3      | Noticed a phantom
  3461 | D:3      | Killed a phantom
  3462 | D:3      | Reached XP level 6. HP: 20/56 MP: 6/6
  3722 | D:3      | Reached skill level 7 in Axes
  4017 | D:4      | Reached skill level 8 in Axes
  4017 | D:4      | Reached XP level 7. HP: 46/63 MP: 7/7
  4111 | D:4      | Noticed Natasha
  4117 | D:4      | Killed Natasha
  4269 | D:4      | Found a staircase to the Ecumenical Temple.
  4302 | D:4      | Found a snail-covered altar of Cheibriados.
  4377 | D:4      | Found a shimmering altar of Xom.
  4584 | Temple   | Entered the Ecumenical Temple
  5100 | Temple   | Became a worshipper of the Wu Jian Council
  5274 | D:4      | Noticed Natasha
  5280 | D:4      | Killed Natasha
  5338 | D:4      | Found a white marble altar of Elyvilon.
  5622 | D:5      | Entered Level 5 of the Dungeon
  5682 | D:5      | Reached skill level 9 in Axes
  5759 | D:5      | Found an ancient bone altar of Kikubaaqudgha.
  5864 | D:5      | Reached XP level 8. HP: 66/73 MP: 8/8
  5887 | D:5      | Reached skill level 10 in Axes
  6215 | D:5      | Lost dexterity.
  7600 | D:5      | HP: 2/66 [wight/+4 short sword (7)]
  7600 | D:5      | Slain by a wight

Illustrated notes

Levels and vault maps discovered:
D:1:      dpeg_arrival_circle_labyrinth_c, layout_loops_corners
D:2:      wad_woods_stonehenge, layout_basic, nemelex_spade_bored_becter
D:3:      layout_basic, kennysheep_generic_room_14
D:4:      minmay_angry_zag, layout_basic, kennysheep_mini,
          nicolae_overflow_crystal_walls, nicolae_overflow_hidden_temple,
          temple_doors_e, uniq_natasha
D:5:      layout_basic, basic_altar
D:6:      layout_cave_pools, lemuel_doored_altar, kennysheep_little_box,
          nicolae_dithmenos_the_darkroom, serial_gnoll_camp,
          gnoll_camp_mini_loothouse, gnoll_camp_medium_02,
          gnoll_camp_mini_doghouse, gnoll_camp_mini_shop,
          gnoll_camp_mini_doghouse, gnoll_camp_mini_hut, tgw_kikubaaqudgha,
          uniq_maggie
Temple:   minmay_temple_forest_path

Skill      XL: |  1  2  3  4  5  6  7  8 |
---------------+-------------------------+-----
Axes           | 3 4 5 6 8 9 10 | 10.9
Fighting       | 4 5 6 7 |  7.9
Armour         | |  3.2
Shields        | |  3.2

Action                   |  1- 3 |  4- 6 |  7- 9 || total
-------------------------+-------+-------+-------++-------
Melee: War axe           |    72 |   255 |   205 ||   532
Invok: Lunge             |       |       |     3 ||     3
  Use: Potion            |       |     6 |       ||     6
       Scroll            |       |     4 |     2 ||     6
Armor: Scale mail        |    33 |   109 |   212 ||   354
Dodge: Dodged            |    27 |    69 |    83 ||   179
Block: Kite shield       |    48 |   130 |    81 ||   259

Table legend: (Time is in decaauts)
 A = Elapsed time spent in this place.
 B = Non-inter-level travel time spent in this place.
 C = Inter-level travel time spent in this place.
 D = Time resting spent in this place.
 E = Time spent auto-exploring this place.
 F = Levels seen in this place.
 G = Mean time per level.
                   A        B        C        D        E       F      G
               +--------+--------+--------+--------+--------+-----+--------+
         Total |   8502 |   7936 |    566 |   1414 |   5372 |   7 | 1214.6 |
       Dungeon |   7941 |   7457 |    484 |   1314 |   4995 |   6 | 1323.5 |
        Temple |    560 |    479 |     81 |    100 |    377 |   1 |  560.0 |
               +--------+--------+--------+--------+--------+-----+--------+

Top non-repeatable levels by time:
     D:5: 2693 daAuts
     D:2: 1872 daAuts
     D:1: 1516 daAuts
     D:4: 1084 daAuts
     D:3: 757 daAuts
  Temple: 560 daAuts
     D:6: 16 daAuts
